 Dungeon Crawl Stone Soup version 0.29-a0-234-g0dae59b3db (webtiles) character file.

Game seed: 7549162710477439577

39 jlumianski the Chopper (level 3, 0/27 HPs)
             Began as a Demonspawn Gladiator on Mar 3, 2022.
             Killed by divine providence
             ... invoked by an orc priest
              (8 damage)
             ... on level 2 of the Dungeon.
             The game lasted 00:04:36 (1254 turns).

jlumianski the Chopper (Demonspawn Gladiator)       Turns: 1254, Time: 00:04:36

Health: 0/27       AC: 10    Str: 16    XL:     3   Next: 26%
Magic:  0/3        EV:  7    Int:  9    God:
Gold:   27         SH:  0    Dex: 14    Spells: 2/2 levels left

rFire   . . .      SeeInvis .   a - +0 war axe
rCold   . . .      Faith    .   (no shield)
rNeg    + . .      Spirit   +   h - +0 chain mail
rPois   .          Reflect  .   c - +0 helmet
rElec   .          Harm     .   (no cloak)
rCorr   .          Rampage  .   (no gloves)
Will    .....                   f - +0 pair of boots
Stlth   ..........              e - amulet of guardian spirit
HPRegen 0.09/turn               m - ring of positive energy
MPRegen 0.08/turn               (no ring)

@: no status effects
A: demonic magic 1
a: no special abilities


You were on level 2 of the Dungeon.
You visited 1 branch of the dungeon, and saw 2 of its levels.

You collected 27 gold pieces.

Inventory:

Hand Weapons
 a - a +0 war axe (weapon)
Missiles
 d - 3 throwing nets
 k - 6 boomerangs (quivered)
 n - 3 silver boomerangs
 o - 6 poisoned darts
Armour
 b - a +0 leather armour
 c - a +0 helmet (worn)
 f - a +0 pair of boots (worn)
 h - a +0 chain mail (worn)
Jewellery
 e - an amulet of guardian spirit (around neck)
 m - a ring of positive energy (left hand)
Scrolls
 i - a scroll of identify {unknown}
 l - 2 scrolls of torment {unknown}
Potions
 g - a potion of attraction {unknown}
 j - a potion of magic {unknown}


   Skills:
 + Level 2.2 Fighting
 + Level 3.3 Axes
 + Level 1.9 Throwing
 + Level 0.1 Armour
 + Level 3.1 Dodging


You had 2 spell levels left.
You didn't know any spells.
Your spell library was empty.

Dungeon Overview and Level Annotations

Branches:
Dungeon (2/15)

Altars:

Shops:
D:1 [


Innate Abilities, Weirdness & Mutations

Spells you cast may paralyse adjacent enemies.


Message History

The orc priest moves out of view.
You see here a scroll labelled TEUSKE OSSAWO.
l - 2 scrolls labelled TEUSKE OSSAWO (gained 1)
Found 7 gold pieces.
An orc comes into view. It is wielding a +0 flail.
The orc shouts!
You hear a shout!
An orc comes into view. It is wielding a +0 morningstar.
The orc shouts!
An orc is nearby!
You closely miss the orc. The orc barely misses you.
You hit the orc but do no damage. The orc hits you with a +0 mace!
You slash the orc!
You kill the orc!
Things that are here:
a +0 mace; a +0 scale mail
Things that are here:
a +0 mace; a +0 scale mail You closely miss the orc.
The orc closely misses you. The orc hits you with a +0 morningstar.
You slash the orc!
You kill the orc!
You barely miss the orc. The orc hits you with a +0 flail!
You hit the orc.
The orc is severely wounded.
The orc hits you with a +0 flail. The orc barely misses you.
You barely miss the orc.
The orc is severely wounded.
The orc hits you with a +0 flail.
* * * LOW HITPOINT WARNING * * *
You hit the orc but do no damage.
The orc is heavily wounded.
The orc hits you but does no damage.
Sorry, you're not good enough to have a special ability.
Unknown command.
You hit the orc.
You kill the orc!
Items here: )) [ †.
The orc priest mumbles some strange prayers to Beogh against you.
Beogh smites you!
You die...

.........# .......#.#
.#...#.#.# .... .... ..#o#
.... #.......#)# ...#
#.......#.# #######...#
#.#...#.#.######..........
#.......#.##..............
#..... #@##..............
#


#ooo ##.##.....)........ #..#######..##..............
#.........###.......#<..### #####.#######)......#...# #...............#...#
#########.......#...# #.......#...# #######.##.## You could see an orc priest.

Vanquished Creatures
  A dart slug (D:1)
  3 orcs (D:2)
  A ball python (D:1)
  3 bats (D:1)
  5 endoplasms (D:1)
  A giant cockroach (D:1)
  4 goblins
  3 hobgoblins (D:1)
  2 jackals (D:1)
  2 kobolds (D:1)
  A quokka (D:1)
  A frilled lizard (D:1)
  A rat (D:1)
28 creatures vanquished.

Notes
Turn   | Place    | Note
-------+----------+-------------------------------------------
     0 | D:1      | jlumianski the Demonspawn Gladiator began the quest for the
                  | Orb.
     0 | D:1      | Reached XP level 1. HP: 16/16 MP: 1/1
    79 | D:1      | Found Lumyqosh's Armour Shoppe.
    92 | D:1      | Gained mutation: Spells you cast may paralyse adjacent
                  | enemies. [demonic ancestry]
    92 | D:1      | Reached XP level 2. HP: 12/22 MP: 2/2
   632 | D:1      | Found a faded altar of an unknown god.
   844 | D:1      | Reached XP level 3. HP: 25/27 MP: 3/3
  1254 | D:2      | Killed from afar by an orc priest

Illustrated notes

Levels and vault maps discovered:
D:1:      amcnicky_arrival_underground_garden, layout_loops_corners,
          dreamdust_ecumenical_altar_statues, serial_shops, nicolae_diamond_shop
D:2:      cheibrodos_pilgrimage, layout_basic

Skill      XL: |  1  2 |
---------------+-------+-----
Axes           | 3 |  3.3
Dodging        | 3 |  3.1
Fighting       | |  2.2
Throwing       | |  1.9
Armour         | |  0.1

Action                   || total
-------------------------++-------
Melee: War axe           ||    69
Armor: Leather armour    ||     9
       Chain mail        ||    31
Dodge: Dodged            ||    41

Table legend: (Time is in decaauts)
 A = Elapsed time spent in this place.
 B = Non-inter-level travel time spent in this place.
 C = Inter-level travel time spent in this place.
 D = Time resting spent in this place.
 E = Time spent auto-exploring this place.
 F = Levels seen in this place.
 G = Mean time per level.
                   A        B        C        D        E       F      G
               +--------+--------+--------+--------+--------+-----+--------+
         Total |   1277 |   1246 |     31 |      0 |    936 |   2 |  638.5 |
       Dungeon |   1277 |   1246 |     31 |      0 |    936 |   2 |  638.5 |
               +--------+--------+--------+--------+--------+-----+--------+

Top non-repeatable levels by time:
     D:1: 1187 daAuts
     D:2: 90 daAuts
